 Dungeon Crawl Stone Soup version 0.31-a0-187-gba352fbbf7 (webtiles) character file.

Game seed: 17165859773877461057

101 qw the Shooter (level 4, -6/25 HPs)
             Began as a Deep Elf Hunter on June 22, 2023.
             Mangled by a goblin
             ... wielding a +2 dagger of electrocution
              (20 damage)
             ... on level 1 of the Dungeon.
             The game lasted 00:00:32 (1271 turns).

qw the Shooter (Deep Elf Hunter)                    Turns: 1271, Time: 00:00:33

Health: -6/25      AC:  6    Str: 10    XL:     4   Next: 48%
Magic:  6/6        EV: 11    Int: 14    God:
Gold:   66         SH:  0    Dex: 18    Spells: 3/3 levels left

rFire   . . .        Y - +0 shortbow
rCold   . . .        (shield currently unavailable)
rNeg    . . .        d - +0 ring mail
rPois   .            (no helmet)
rElec   .            (no cloak)
rCorr   .            b - +0 pair of gloves
SInv    .            (no boots)
Will    .....        (no amulet)
Stlth   +            (no ring)
HPRegen 0.24/turn    (no ring)
MPRegen 0.10/turn

%: no passive effects
@: no status effects
A: no striking features
a: no special abilities


You were on level 1 of the Dungeon.
You visited 1 branch of the dungeon, and saw 2 of its levels.

You collected 66 gold pieces.


   Skills:
 - Level 1.5 Fighting
 + Level 7.9 Ranged Weapons
 - Level 2.4 Dodging
 - Level 1.2 Stealth


You had 3 spell levels left.
You didn't know any spells.
Your spell library was empty.

Inventory:

Hand Weapons
 Y - a +0 shortbow (weapon)
Armour
 b - a +0 pair of gloves (worn)
 d - a +0 ring mail (worn)
Potions
 a - a potion of heal wounds {unknown}

Dungeon Overview and Level Annotations

Branches:
Dungeon (2/15)

Altars:

Shops:
D:2 *


Message History

Things that are here:
a ring of magical power; a +0 leather armour You start resting.
HP restored.
Done exploring.
(D) Dungeon
Where to? (* - list waypoints, Enter - D:2, ? - help)
What level of the Dungeon? (default 1, ? - help)
You climb downwards.
The goblin hits you with a +2 dagger of electrocution.
The gnoll hits you with a +0 whip. The goblin barely misses you.
The gnoll barely misses you.
There is a stone staircase leading up, spattered with blood here.
1263 ||| STAIRDANCE The goblin hits you but does no damage.
The gnoll hits you but does no damage.
You climb upwards.
There is a stone staircase leading down here.
Things that are here:
a ring of magical power; a +0 leather armour You shoot an arrow.
The arrow completely misses the gnoll.
The gnoll hits you with a +0 whip. The goblin barely misses you.
You shoot an arrow. The arrow barely misses the gnoll.
The gnoll hits you but does no damage.
The goblin hits you with a +2 dagger of electrocution.
You shoot an arrow. The arrow hits the gnoll.
The gnoll is heavily wounded.
The gnoll barely misses you. The goblin barely misses you.
You shoot an arrow. The arrow hits the gnoll.
The gnoll is almost dead.
The gnoll closely misses you. The goblin closely misses you.
You shoot an arrow. The arrow barely misses the gnoll.
The gnoll hits you with a +0 whip.
The goblin hits you with a +2 dagger of electrocution.
You shoot an arrow. The arrow hits the gnoll.
You kill the gnoll!
The goblin barely misses you.
You shoot an arrow. The arrow misses the goblin.
The goblin hits you but does no damage. x2; You are electrocuted!!
Ouch! That really hurt!
You die...

#..)...........##...# #.#.#.#
#.#####.##.........## #.#.#.#
#.# #.##...#.##..# #.#.#.# #.#
#.##...#.##..##### #.#.#.#
#.#####.##.............# #.#.#.#
#....##.##...#.....###.#
#.#.#.## #............###...#
#.# #.#.#.#.
#............###.g.###.#
#.#.#.##
###.###.##.#...%@...##.###<'...#
#.....##.##....).......#######
#####.##..........#.#### #.#
###.#####.##...##.# #.# #...#
#.##.####.# #.# #.#.# #....# #.#
#.# #.#.# #.#### #.# #.# #.#.##
#.# #.########:# ####....####.#
#.#........##


You could see a goblin.

Vanquished Creatures
  2 gnolls
  3 adders (D:2)
  3 worms
  A dart slug (D:1)
  2 ball pythons
  An endoplasm (D:2)
  4 giant cockroaches
  2 goblins
  8 hobgoblins
  4 jackals (D:1)
  6 kobolds
  A bat (D:1)
  3 frilled lizards
  3 rats
43 creatures vanquished.

Notes
Turn   | Place    | Note
-------+----------+-------------------------------------------
     0 | D:1      | qw the Deep Elf Hunter began the quest for the Orb.
     0 | D:1      | Reached XP level 1. HP: 12/12 MP: 3/3
     0 | D:1      | 0 ||| qw: Version: 0.3-a-9-g12657ce
     0 | D:1      | 0 ||| qw: Game counter: 2515
     0 | D:1      | 0 ||| qw: Always use a shield: true
     0 | D:1      | 0 ||| qw: God list: Okawaru
     0 | D:1      | 0 ||| qw: Allow faded altars: false
     0 | D:1      | 0 ||| qw: Do Orc after D:15 true
     0 | D:1      | 0 ||| qw: Do second Lair branch before Depths: true
     0 | D:1      | 0 ||| qw: Lair rune preference: random
     0 | D:1      | 0 ||| qw: Plans: Normal
     0 | D:1      | 0 ||| PLANNING D:1-11
   109 | D:1      | You fall into a shaft and drop 1 floor!
   126 | D:2      | Reached XP level 2. HP: 16/16 MP: 4/4
   126 | D:2      | Found Susulea's General Store.
   134 | D:2      | 134 ||| SHOPLISTING potion of might (44 gold, have 0).
   134 | D:2      | 134 ||| SHOPLISTING scroll of identify (22 gold, have 0).
   146 | D:2      | Reached skill level 6 in Ranged Weapons
   165 | D:2      | 165 ||| DROPPING scroll of butterflies.
   438 | D:1      | Reached XP level 3. HP: 19/20 MP: 5/5
   805 | D:1      | 805 ||| UPGRADING to +0 pair of gloves.
   810 | D:1      | 810 ||| READING scroll labelled BERGHA FOMECITZU.
   945 | D:2      | Reached skill level 7 in Ranged Weapons
  1024 | D:2      | Reached XP level 4. HP: 25/25 MP: 6/6
  1069 | D:2      | 1069 ||| FLEEEEING.
  1070 | D:2      | 1070 ||| STAIRDANCE
  1108 | D:1      | 1108 ||| UPGRADING to +0 ring mail.
  1118 | D:1      | 1118 ||| DROPPING +0 leather armour.
  1119 | D:1      | 1119 ||| DROPPING ring of magical power.
  1120 | D:1      | 1120 ||| READING scroll labelled DEROCWEGUUMU.
  1123 | D:2      | 1123 ||| STAIRDANCE
  1237 | D:2      | 1237 ||| FLEEEEING.
  1238 | D:2      | 1238 ||| FLEEEEING.
  1239 | D:2      | 1239 ||| FLEEEEING.
  1240 | D:2      | 1240 ||| FLEEEEING.
  1241 | D:2      | 1241 ||| FLEEEEING.
  1242 | D:2      | 1242 ||| FLEEEEING.
  1243 | D:2      | 1243 ||| FLEEEEING.
  1244 | D:2      | 1244 ||| FLEEEEING.
  1245 | D:2      | 1245 ||| FLEEEEING.
  1246 | D:2      | 1246 ||| FLEEEEING.
  1247 | D:2      | 1247 ||| FLEEEEING.
  1248 | D:2      | 1248 ||| STAIRDANCE
  1263 | D:2      | 1263 ||| STAIRDANCE
  1271 | D:1      | Mangled by a goblin

Levels and vault maps discovered:
D:1:      wheals_arrival_linesprint, layout_loops_ring
D:2:      layout_basic, serial_shops, shop

Skill      XL: |  1  2  3 |
---------------+----------+-----
Ranged Weapons | 6 7 |  7.9
Fighting       | |  1.5
Dodging        | |  2.4
Stealth        | |  1.2

Action                     |  1- 3 |  4- 6 || total
---------------------------+-------+-------++-------
   Fire: Shortbow          |    92 |    30 ||   122
    Use: Scroll            |     1 |     1 ||     2
 Armour: Leather armour    |     5 |     2 ||     7
         Ring mail         |       |     6 ||     6
  Dodge: Dodged            |    23 |    15 ||    38

Table legend:
 A = Non-vault XP
 B = Vault XP
 C = Vault XP percentage of total XP
 D = Non-vault monster count
 E = Vault monster count
 F = Vault count percentage of total count
                 A         B        C        D         E       F
            +---------+---------+-------+---------+---------+-------
      Total |     145 |       0 |   0.0 |      43 |       0 |   0.0
            +---------+---------+-------+---------+---------+-------
        D:1 |      59 |       0 |   0.0 |      23 |       0 |   0.0
        D:2 |      86 |       0 |   0.0 |      20 |       0 |   0.0
            +---------+---------+-------+---------+---------+-------
